 Dungeon Sprint DCSS version 0.21-a0-274-gc1afaeb (webtiles) character file.

15391 potatolord6000 the Warrior (level 12, 0/122 HPs)
             Began as a Minotaur Fighter on Sept 19, 2017.
             Was an Initiate of Gozag.
             Killed by divine providence
             ... invoked by an orc high priest
              (14 damage)
             ... in the Dungeon (Sprint VII: "The Pits").
             The game lasted 00:10:58 (2616 turns).

potatolord6000 the Warrior (Minotaur Fighter)       Turns: 2616, Time: 00:10:59

Health: 0/122      AC: 28    Str: 24    XL:     12   Next: 0%
Magic:  11/11      EV: 14    Int:  8    God:    Gozag
Gold:   633        SH: 18    Dex: 10    Spells: 11/11 levels left

rFire    . . .     SeeInvis .   b - +3 long sword (protect)
rCold    + + .     Gourm    .   d - +4 shield {reflect}
rNeg     . . .     Faith    .   v - +1 chain mail "Wahuos" {*Contam rC++} (curse)
rPois    .         Spirit   .   (helmet restricted)
rElec    .         Reflect  +   (no cloak)
rCorr    .         Harm     .   u - +0 pair of gloves
MR       .....     NoTele   +   c - +0 pair of boots {Stlth+}
Stlth    ..........             (no amulet)
HPRegen  0.30/turn              a - ring "Weanos" {+Blink Str-2 Int+3 Slay+3 Stlth+}
MPRegen  0.12/turn              g - +3 ring of protection

@: gold aura, protection aura, drained
A: retaliatory headbutt, horns 2
a: Potion Petition, Call Merchant, Bribe Branch, Renounce Religion, Evoke Blink


You were in the Dungeon.
You worshipped Gozag.
Gozag was pleased with you.
You were very full.

You visited 1 branch You collected 7331 gold pieces.
You spent 1397 gold pieces at shops.
You paid 5301 gold pieces to Gozag.

Inventory:

Hand Weapons
 b - a +3 long sword of protection (weapon)
Armour
 c - a +0 pair of boots of stealth (worn)
 d - a +4 shield of reflection (worn)
 u - a +0 pair of gloves (worn)
 v - the cursed +1 chain mail "Wahuos" (worn) {*Contam rC++}
   (You bought it in a shop in the Dungeon)

   It greatly protects you from cold.
   It causes magical contamination when unequipped.
   It has a curse placed upon it.
Jewellery
 a - the ring "Weanos" (left hand) {+Blink Str-2 Int+3 Slay+3 Stlth+}
   (You bought it in a shop in the Dungeon)

   [ring of stealth]

   It affects your strength (-2).
   It affects your intelligence (+3).
   It affects your accuracy and damage with ranged weapons and melee attacks
   (+3).
   It lets you blink.
   It makes you more stealthy.
 g - a +3 ring of protection (right hand)
Scrolls
 k - 3 scrolls of blinking
 m - 4 scrolls of remove curse
 n - 5 scrolls of amnesia
 o - a scroll of summoning
 r - a scroll of identify
 w - 4 scrolls of enchant weapon
 y - a scroll of fog
Potions
 e - 4 potions of curing
 h - 7 potions of heal wounds
 i - 4 potions of magic
 j - 2 potions of berserk rage
 l - 2 potions of invisibility
 s - 3 potions of brilliance
 x - a potion of haste
Comestibles
 f - 8 bread rations
 p - 40 fruits
 q - 6 meat rations


   Skills:
 + Level 16.2(15.7) Fighting
 + Level 15.9(15.4) Long Blades
 + Level 16.1(15.5) Armour
 + Level 14.6(14.1) Dodging
 + Level 16.1(15.6) Shields


You had 11 spell levels left.
You didn't know any spells.

Dungeon Overview and Level Annotations

Branches:
Dungeon (1/1)

Altars:
Ashenzari
Cheibriados
Dithmenos
Elyvilon
Fedhas
Gozag
Hepliaklqana
Kikubaaqudgha
Makhleb
Nemelex Xobeh
Okawaru
Qazlal
Ru
Sif Muna
Trog
Uskayaw
Vehumet
Wu Jian
Xom
Yredelemnul
Zin
The Shining One
Beogh
Jiyva
Lugonu

Shops:
D ([=*(


Innate Abilities, Weirdness & Mutations

You reflexively headbutt those who attack you in melee.
You have a pair of horns on your head.


Message History

The sixfirhy hits you!
* * * LOW HITPOINT WARNING * * *
The sixfirhy shocks you!
* * * LOW HITPOINT WARNING * * *
The sixfirhy closely misses you. You furiously retaliate!
You headbutt the sixfirhy.
You block the large abomination's attack.
The sixfirhy misses you.
You riposte.
You slash the sixfirhy!
The sixfirhy is moderately wounded.
The sixfirhy misses you.
You slash the orc high priest!
The orc high priest is severely wounded.
The sixfirhy barely misses you.
The sixfirhy hits you but does no damage.
You block the sixfirhy's attack.
The orc sorcerer is distracted by the nearby gold.
The orc high priest invokes the aid of Beogh against you.
Beogh smites you!
You die...
Your body crumbles into a pile of gold.

$ $
########################
...............X33oToo..
..)............$@o3o4o..
##########++############


You could see an orc high priest, a large abomination, an ice devil, a troll, 2
sixfirhies, a smoke demon, an orc sorcerer (unaware), 2 orc priests and 2 orcs.

Vanquished Creatures
  An emperor scorpion (D)
  A spriggan defender (D)
  An apis (D)
  Harold (D)
  A catoblepas (D)
  Erica (D)
  A death yak (D)
  An unseen horror (D)
  An orc knight (D)
  An elephant (D)
  A cyclops (D)
  A merfolk siren (D)
  A black mamba (D)
  A molten gargoyle (D)
  Psyche (D)
  A komodo dragon (D)
  An efreet (D)
  A guardian mummy (D)
  A red devil (D)
  A troll (D)
  A tyrant leech (D)
  A hippogriff (D)
  A snapping turtle (D)
  A bog body (D)
  6 dream sheep (D)
  A tarantella (D)
  A flying skull (D)
  2 wraiths (D)
  A wyvern (D)
  7 yaks (D)
  A spriggan (D)
  2 wargs (D)
  A soldier ant (D)
  A water moccasin (D)
  A floating eye (D)
  4 orc warriors (D)
  An eye of draining (D)
  A wolf (D)
  An ogre (D)
  2 centaurs (D)
  2 big kobolds (D)
  2 orc wizards (D)
  4 orc priests (D)
  An iguana (D)
  Terence (D)
  3 worker ants (D)
  An adder (D)
  2 river rats (D)
  4 ufetubi (D)
  An ooze (D)
  An adder zombie (D)
  8 orcs (D)
  A ball python (D)
  A bat skeleton (D)
  A goblin (D)
  2 frilled lizards (D)
92 creatures vanquished.

Notes
Turn   | Place    | Note
-------+----------+-------------------------------------------
     0 | D        | potatolord6000 the Minotaur Fighter began the quest for the Orb.
     0 | D        | Reached XP level 1. HP: 19/19 MP: 0/0
    23 | D        | Found a bloodstained altar of Trog.
    23 | D        | Found a deep blue altar of Sif Muna.
    23 | D        | Found a viscous altar of Jiyva.
    23 | D        | Found a hazy altar of Hepliaklqana.
    23 | D        | Found an opulent altar of Gozag.
    24 | D        | Found a glowing golden altar of the Shining One.
    24 | D        | Found a glowing silver altar of Zin.
    24 | D        | Found a basalt altar of Yredelemnul.
    24 | D        | Found a shimmering altar of Xom.
    24 | D        | Found an ornate altar of the Wu Jian Council.
    24 | D        | Found a sacrificial altar of Ru.
    24 | D        | Found a stormy altar of Qazlal.
    24 | D        | Found an iron altar of Okawaru.
    24 | D        | Found a sparkling altar of Nemelex Xobeh.
    24 | D        | Found a burning altar of Makhleb.
    24 | D        | Found a blossoming altar of Fedhas.
    24 | D        | Found a white marble altar of Elyvilon.
    24 | D        | Found a shadowy altar of Dithmenos.
    24 | D        | Found a snail-covered altar of Cheibriados.
    26 | D        | Found a radiant altar of Vehumet.
    26 | D        | Found a corrupted altar of Lugonu.
    26 | D        | Found a roughly hewn altar of Beogh.
    28 | D        | Found an ancient bone altar of Kikubaaqudgha.
    28 | D        | Found a hide-covered altar of Uskayaw.
    28 | D        | Found a shattered altar of Ashenzari.
    31 | D        | Became a worshipper of Gozag Ym Sagoz the Greedy
    72 | D        | Reached skill level 1 in Dodging
    72 | D        | Reached XP level 2. HP: 20/28 MP: 1/1
   277 | D        | Reached skill level 5 in Fighting
   277 | D        | Reached skill level 5 in Armour
   277 | D        | Reached skill level 5 in Shields
   277 | D        | Reached XP level 3. HP: 29/36 MP: 2/2
   278 | D        | Noticed a floating eye
   281 | D        | Killed a floating eye
   281 | D        | Reached skill level 5 in Long Blades
   281 | D        | Reached XP level 4. HP: 37/45 MP: 3/3
   281 | D        | Reached XP level 5. HP: 42/51 MP: 4/4
   405 | D        | Noticed an orc warrior
   413 | D        | Reached skill level 5 in Dodging
   425 | D        | Killed an orc warrior
   425 | D        | Reached XP level 6. HP: 42/61 MP: 5/5
   428 | D        | Noticed a water moccasin
   434 | D        | Noticed a warg
   438 | D        | Killed a water moccasin
   446 | D        | Killed a warg
   446 | D        | Reached XP level 7. HP: 10/70 MP: 6/6
   470 | D        | Bought a +3 long sword of protection for 296 gold pieces
   567 | D        | Noticed Terence
   571 | D        | Killed Terence
   574 | D        | Noticed Erica
   582 | D        | Killed Erica
   582 | D        | Reached skill level 10 in Fighting
   582 | D        | Reached skill level 10 in Long Blades
   582 | D        | Reached skill level 10 in Armour
   582 | D        | Reached skill level 10 in Shields
   582 | D        | Reached XP level 8. HP: 47/80 MP: 7/7
   586 | D        | Noticed a flying skull
   594 | D        | Killed a flying skull
   794 | D        | Noticed an orc knight
   794 | D        | Noticed a black mamba
   805 | D        | HP: 1/81 [orc warrior/trident[an orc knight] (8)]
   810 | D        | Killed a black mamba
   830 | D        | Killed an orc knight
   830 | D        | Reached skill level 10 in Dodging
   830 | D        | Reached XP level 9. HP: 42/89 MP: 8/8
   914 | D        | Bought a glowing shield for 180 gold pieces
  1190 | D        | Noticed a guardian mummy
  1205 | D        | Killed a guardian mummy
  1381 | D        | Noticed a komodo dragon
  1391 | D        | Reached XP level 10. HP: 58/100 MP: 9/9
  1413 | D        | Noticed an elephant
  1444 | D        | Killed an elephant
  1518 | D        | Bought a shimmering chain mail for 228 gold pieces
  1528 | D        | Identified the cursed +1 chain mail "Wahuos" {*Contam rC++} (You bought it in a shop in the Dungeon)
  1614 | D        | Noticed a catoblepas
  1636 | D        | Killed a catoblepas
  1669 | D        | Bought the ring "Weanos" {+Blink Str-2 Int+3 Slay+3 Stlth+} for 693 gold pieces
  1689 | D        | Noticed an apis
  1702 | D        | Killed an apis
  1702 | D        | Reached XP level 11. HP: 69/111 MP: 10/10
  1712 | D        | Noticed Harold
  1728 | D        | Killed Harold
  1797 | D        | Killed an unseen horror
  1997 | D        | Noticed a death yak
  2006 | D        | Reached skill level 15 in Fighting
  2018 | D        | Reached skill level 15 in Armour
  2021 | D        | Reached skill level 15 in Shields
  2035 | D        | Killed a death yak
  2035 | D        | Reached skill level 15 in Long Blades
  2296 | D        | Noticed Psyche
  2306 | D        | Killed Psyche
  2315 | D        | Noticed an emperor scorpion
  2342 | D        | Killed an emperor scorpion
  2377 | D        | Noticed a spriggan defender
  2389 | D        | Killed a spriggan defender
  2392 | D        | Reached XP level 12. HP: 61/122 MP: 11/11
  2600 | D        | Noticed an orc high priest
  2616 | D        | Killed from afar by an orc high priest

Vault maps used:
D:        pitsprint

Skill      XL: |  1  2  3  4  5  6  7  8  9 10 11 |
---------------+----------------------------------+-----
Fighting       | 4 5 6 7 9 10 11 12 14 16 | 16.2
Long Blades    | 3 4 5 7 8 10 11 12 14 15 | 15.9
Armour         | 4 5 6 7 8 10 11 12 14 16 | 16.1
Dodging        | 1 2 4 6 7 9 10 11 13 14 | 14.6
Shields        | 4 5 6 7 8 10 11 12 14 16 | 16.1

Action                   |  1- 3 |  4- 6 |  7- 9 | 10-12 || total
-------------------------+-------+-------+-------+-------++-------
Melee: Long sword        |    14 |    38 |   109 |   197 ||   358
       Headbutt          |     4 |     3 |    22 |    66 ||    95
Invok: Call Merchant     |       |       |     2 |     3 ||     5
       Potion Petition   |       |       |       |     2 ||     2
  Use: Potion            |       |       |    12 |    10 ||    22
       Scroll            |       |       |       |     2 ||     2
 Stab: Distracted        |       |     1 |       |     2 ||     3
       Invisible         |       |       |       |     5 ||     5
  Eat: Meat ration       |       |       |     1 |     2 ||     3
Armor: Scale mail        |     8 |     3 |       |       ||    11
       Plate armour      |       |     8 |    45 |    21 ||    74
       Chain mail        |       |       |       |   125 ||   125
Dodge: Dodged            |     6 |     7 |    35 |   133 ||   181
Block: Shield            |     8 |    14 |    72 |   184 ||   278
       Reflection        |       |       |       |     2 ||     2
       Rpst.: Long sword |     2 |     2 |     6 |    28 ||    38

Table legend:
 A = Spawn XP
 B = Non-spawn XP
 C = Spawn XP percentage of total XP
 D = Spawn monster count
 E = Non-spawn monster count
 F = Spawn count percentage of total count
 G = Total turns spent on level
                    A         B        C        D         E        F      G
               +---------+---------+-------+---------+---------+-------+---------
         Total |       0 |   21988 |   0.0 |       0 |      92 |   0.0 |  2616
               +---------+---------+-------+---------+---------+-------+---------
             D |       0 |   21988 |   0.0 |       0 |      92 |   0.0 |  2616
               +---------+---------+-------+---------+---------+-------+---------
